 Dungeon Crawl Stone Soup version 0.31-a0-145-g046c7d2549 (webtiles) character file.

Game seed: 14720763812136362927

16937 LobsterGuardian the Earth Mage (level 12, -5/57 HPs)
             Began as a Deep Elf Earth Elementalist on May 31, 2023.
             Was a Priest of Hepliaklqana.
             Slain by an eight-headed hydra (9 damage)
             ... on level 12 of the Dungeon on June 7, 2023.
             The game lasted 00:37:23 (13299 turns).

LobsterGuardian the Earth Mage (DEEE)              Turns: 13299, Time: 00:37:24

Health: -5/57      AC:  9    Str:  5    XL:     12   Next: 14%
Magic:  32/39      EV: 16    Int: 26    God:    Hepliaklqana [***...]
Gold:   838        SH:  5    Dex: 21    Spells: 12/35 levels left

rFire   . . .        A - +2 short sword (protect)
rCold   . . .        (no shield)
rNeg    . . .        x - +0 steam dragon scales
rPois   .            u - +0 helmet
rElec   .            (no cloak)
rCorr   .            (no gloves)
SInv    .            e - +1 pair of boots
Will    +....        y - amulet of reflection
Stlth   ++++         p - +6 ring of dexterity
HPRegen 0.29/turn    w - ring of magical power
MPRegen 0.26/turn

%: reflection
@: no status effects
A: reduced essence, hooves 1
a: Renounce Religion, Recall Ancestor, Ancestor Identity, Transference


You were on level 12 of the Dungeon.
You worshipped Hepliaklqana.
Hepliaklqana was most pleased with you.
You visited 2 branches of the dungeon, and saw 13 of its levels.

You collected 838 gold pieces.

Inventory:

Hand Weapons
 t - a +3 dagger of draining
 A - a +2 short sword of protection (weapon)
Missiles
 l - a throwing net
Armour
 e - a +1 pair of boots (worn)
 u - a +0 helmet (worn)
 x - +0 steam dragon scales (worn)
Jewellery
 p - a +6 ring of dexterity (left hand)
 w - a ring of magical power (right hand)
 y - an amulet of reflection (around neck)
 G - an amulet of regeneration
Wands
 h - a wand of flame (49)
 o - a wand of polymorph (16)
 r - a wand of mindburst (8)
 C - a wand of quicksilver (13)
 D - a wand of paralysis (5)
Scrolls
 k - a scroll of blinking
 n - 2 scrolls of teleportation
 q - 2 scrolls of fear
 s - 3 scrolls of summoning
 v - a scroll of fog {unknown}
 z - 2 scrolls of acquirement {unknown}
 E - 3 scrolls of vulnerability {unknown}
 F - 3 scrolls of torment {unknown}
 H - a scroll of enchant armour {unknown}
 I - 3 scrolls of identify
 J - 3 scrolls of brand weapon {unknown}
 L - a scroll of magic mapping {unknown}
Potions
 a - 2 potions of resistance
 b - a potion of magic
 c - 4 potions of might {unknown}
 d - 2 potions of curing
 f - 2 potions of brilliance {unknown}
 g - a potion of lignification
 i - a potion of cancellation {unknown}
 j - 4 potions of haste
 m - a potion of mutation
 B - a potion of heal wounds
 K - a potion of invisibility {unknown}
 M - a potion of enlightenment {unknown}


   Skills:
 + Level 2.5 Fighting
 + Level 3.6 Short Blades
 + Level 3.3 Armour
 + Level 5.9 Dodging
 + Level 6.5 Stealth
 + Level 12.1 Spellcasting
 - Level 3.0 Conjurations
 - Level 2.0 Hexes
 - Level 1.0 Summonings
 - Level 2.0 Transmutations
 - Level 1.0 Air Magic
 + Level 16.1 Earth Magic
 - Level 1.0 Poison Magic


You had 12 spell levels left.
You knew the following spells:

 Your Spells              Type           Power      Damage    Failure   Level
a - Sandblast             Erth           100%       2d20      0%          1
b - Stone Arrow           Conj/Erth      100%       3d13      1%          3
c - Petrify               Tmut/Erth      58%        N/A       1%          4
d - Passwall              Tmut/Erth      48%        N/A       1%          2
e - Leda's Liquefaction   Hex/Erth       29%        N/A       1%          4
f - Animate Armour        Summ/Erth      100%       N/A       1%          4
g - Mephitic Cloud        Conj/Pois/Air  24%        N/A       5%          3
h - Wereblood             Tmut           26%        N/A       2%          2

Your spell library contained the following spells:

 Spells                   Type           Power      Damage    Failure   Level
 Magic Dart               Conj           100%       1d8       1%          1
 Necrotise                Necr           60%        1d7       3%          1
 Call Imp                 Summ           40%        N/A       3%          2
 Ensorcelled Hibernation  Hex/Ice        40%        N/A       3%          2
 Cigotuvi's Dreadful Rot  Necr/Pois/Air  38%        N/A       4%          2
 Tukima's Dance           Hex            26%        N/A       4%          3
 Sublimation of Blood     Necr           15%        N/A       5%          2
 Spider Form              Tmut/Pois      23%        N/A       6%          3
 Call Canine Familiar     Summ           20%        N/A       8%          3
 Ignite Poison            Fire/Tmut/Pois 20%        N/A       8%          3
 Portal Projectile        Hex/Tloc       40%        N/A       8%          3
 Frozen Ramparts          Ice            30%        1d5       11%         3
 Vampiric Draining        Necr           15%        2d7       11%         3
 Anguish                  Hex/Necr       10%        N/A       24%         4
 Ice Form                 Ice/Tmut       20%        N/A       24%         4
 Summon Ice Beast         Ice/Summ       18%        N/A       30%         4
 Blade Hands              Tmut           13%        N/A       41%         5
 Freezing Cloud           Conj/Ice/Air   11%        6-21      52%         5
 Agony                    Necr           15%        N/A       71%         5
 Lehudib's Crystal Spear  Conj/Erth      30%        10d8      99%         8
 Summon Hydra             Summ           10%        N/A       100%        7
 Borgnjor's Revivificati  Necr           7%         N/A       100%        8
 Necromutation            Tmut/Necr      10%        N/A       100%        8
 Death's Door             Necr           7%         N/A       100%        9


Dungeon Overview and Level Annotations

Branches:
Dungeon (12/15)            Temple (1/1) D:7            Lair (0/5) D:11
    Orc (0/2) D:9

Altars:
Ashenzari
Cheibriados
Dithmenos
Elyvilon
Fedhas
Gozag
Hepliaklqana
Kikubaaqudgha
Makhleb
Nemelex Xobeh
Okawaru
Qazlal
Ru
Sif Muna
Trog
Uskayaw
Vehumet
Wu Jian
Xom
Yredelemnul
Zin
The Shining One

Shops:
D:7 (

Annotations:
D:3 Sigmund


Innate Abilities, Weirdness & Mutations

Your life essence is reduced to manifest your ancestor. (-10% HP)
You have large cloven feet.


Message History

Things that are here:
a +0 quarterstaff; a +2 buckler of cold resistance You can't see any susceptible monsters within range! (Use Z to cast anyway.)
You now have 838 gold pieces (gained 8).
You swap places.
Things that are here:
a +0 quarterstaff; a +2 buckler of cold resistance You see here 6 poisoned darts.
You see here a +0 chain mail.
You see here a +0 leather armour.
E - 3 scrolls labelled LERCHU FUTWANOPN (gained 1)
You swap places.
You see here a +0 leather armour.
You see here a +0 chain mail.
There is an open door here.
You open the door.
An eight-headed hydra is nearby!
The stone arrow hits the eight-headed hydra!
The eight-headed hydra is moderately wounded.
The eight-headed hydra bites you but does no damage. x2
You block the eight-headed hydra's attack.
The eight-headed hydra bites you but does no damage.
The eight-headed hydra bites you!
The eight-headed hydra barely misses you.
The eight-headed hydra completely misses you.
The eight-headed hydra bites you.
Casting: Stone Arrow (safe; 1% risk of failure)
Confirm with . or Enter, or press ? or * to list all spells.
Aiming: Petrify (dangerous; 1% risk of failure)
Press: ? - help, Shift-Dir - straight line, f/p - eight-headed hydra
Aim: an eight-headed hydra (moderately wounded, ally target, chance to affect: 40%)
The eight-headed hydra resists with some effort.
The eight-headed hydra bites you! x2
You block the eight-headed hydra's attack.
The eight-headed hydra bites you!
* * * LOW HITPOINT WARNING * * *
The eight-headed hydra misses you. The eight-headed hydra bites you.
* * * LOW HITPOINT WARNING * * *
The eight-headed hydra bites you!
You die...

##.####.#
...####.##### ##
#........# #.##.###.##
#####.##.......
####.........##...
####.8#####.##..#....
##..DR.'..##.#........
#..8#@.#8..#..........
#.###'####†#..........
# #.)([[.#'####.......
########.# #.###...
.8#.(#8..# #.# ####
#..+..').## ##+##
####8.#### ##...##
######'### ##.....##
#........###.......##


You could see the friendly Brogan the knight and an eight-headed hydra (ally
target).

Vanquished Creatures
  2 two-headed ogres (D:11)
  2 boulder beetles
  Urug (D:10)
  A cyclops (D:12)
  3 manticores
  A gargoyle (D:12)
  Maggie (D:8)
  2 kobold demonologists
  An orange demon (D:8)
  4 trolls
  A merfolk (D:11)
  2 wraiths (D:10)
  2 wyverns
  2 water elementals (D:11)
  A slime creature (D:12)
  6 yaks
  3 steam dragons
  2 vampire mosquitoes (D:10)
  14 black bears
  An ice beast (D:7)
  2 sky beasts
  7 orc warriors
  2 ogres
  4 centaurs
  A phantom (D:7)
  5 kobold brigands
  2 gnoll sergeants
  7 bullfrogs
  4 scorpions
  5 wights
  A howler monkey (D:6)
  6 electric eels (D:11)
  5 hounds
  A jelly (D:5)
  8 orc priests
  2 sleepcaps (D:7)
  3 gnoll boudas
  An iguana (D:5)
  13 orc wizards
  13 gnolls
  11 adders
  4 white imps
  4 ufetubi
  A worm (D:2)
  3 dart slugs
  49 orcs
  7 endoplasms
  6 giant cockroaches
  2 goblins (D:2)
  4 hobgoblins
  4 jackals
  4 quokkas
  9 ball pythons
  5 bats
  5 frilled lizards
  17 kobolds
  7 rats
  A spectral orc (D:10)
287 creatures vanquished.

Vanquished Creatures (collateral kills)
  Amaemon (D:8)
  Pikel (D:8)
  2 yaks (D:11)
  2 orc warriors (D:9)
  2 black bears (D:11)
  2 lemures (D:8)
  3 bullfrogs (D:11)
  An electric eel (D:11)
  An orc wizard (D:9)
  8 orcs
  3 kobolds
26 creatures vanquished.

Vanquished Creatures (others)
  4 ancestors
  An orc (D:7)
5 creatures vanquished.

Grand Total: 318 creatures vanquished

Notes
Turn   | Place    | Note
-------+----------+-------------------------------------------
     0 | D:1      | LobsterGuardian the Deep Elf Earth Elementalist began the
                  | quest for the Orb.
     0 | D:1      | Reached XP level 1. HP: 10/10 MP: 6/6
   187 | D:1      | Reached XP level 2. HP: 15/15 MP: 6/8
   286 | D:1      | Reached skill level 4 in Earth Magic
   383 | D:1      | Found a faded altar of an unknown god.
  1021 | D:2      | Reached XP level 3. HP: 19/19 MP: 7/10
  1025 | D:2      | Learned a level 3 spell: Stone Arrow
  1544 | D:2      | Reached XP level 4. HP: 24/24 MP: 10/12
  1914 | D:3      | Noticed Sigmund
  2044 | D:3      | Reached skill level 1 in Conjurations
  2044 | D:3      | Reached skill level 5 in Earth Magic
  2053 | D:3      | You fall into a shaft and drop 3 floors!
  2118 | D:6      | Reached XP level 5. HP: 28/28 MP: 9/13
  2173 | D:6      | Noticed a sky beast
  2178 | D:6      | Noticed an ogre
  2222 | D:6      | Killed a sky beast
  2223 | D:6      | Reached skill level 6 in Earth Magic
  2327 | D:6      | Noticed a centaur
  2336 | D:6      | Reached XP level 6. HP: 28/32 MP: 9/14
  2343 | D:6      | Learned a level 4 spell: Petrify
  2346 | D:6      | Learned a level 2 spell: Passwall
  2385 | D:6      | Reached skill level 7 in Earth Magic
  2839 | D:6      | Reached XP level 7. HP: 36/36 MP: 11/15
  2845 | D:6      | Reached skill level 8 in Earth Magic
  2938 | D:6      | Found a shimmering altar of Xom.
  2985 | D:5      | Entered Level 5 of the Dungeon
  2997 | D:5      | Learned a level 4 spell: Leda's Liquefaction
  3089 | D:5      | Reached skill level 1 in Hexes
  3499 | D:4      | Found a glowing golden altar of the Shining One.
  3687 | D:4      | Reached skill level 9 in Earth Magic
  3823 | D:3      | Reached XP level 8. HP: 41/41 MP: 12/16
  4549 | D:5      | Reached skill level 10 in Earth Magic
  4919 | D:5      | Found a broken altar of Ashenzari.
  5422 | D:7      | Found a staircase to the Ecumenical Temple.
  5440 | Temple   | Entered the Ecumenical Temple
  5510 | Temple   | Became a worshipper of Hepliaklqana the Forgotten
  5584 | D:7      | Found Siagivus's Antique Weapon Emporium.
  5600 | D:7      | Reached skill level 11 in Earth Magic
  5606 | D:7      | Reached skill level 1 in Armour
  5606 | D:7      | Reached skill level 5 in Spellcasting
  5748 | D:7      | Found an ancient bone altar of Kikubaaqudgha.
  5748 | D:7      | Found a sacrificial altar of Ru.
  5753 | D:7      | Reached skill level 1 in Fighting
  5762 | D:7      | Reached XP level 9. HP: 9/47 MP: 6/19
  6126 | D:7      | Learned a level 4 spell: Animate Armour
  6246 | D:7      | Reached skill level 1 in Summonings
  6758 | D:8      | Found a bloodstained altar of Trog.
  6758 | D:8      | Noticed Pikel
  6789 | D:8      | Reached skill level 5 in Dodging
  6791 | D:8      | Killed Pikel
  7220 | D:8      | Reached * piety under Hepliaklqana
  7277 | D:8      | Identified the +5 bardiche "Civenitt" {speed, Int+2}
  7297 | D:8      | Noticed Maggie
  7309 | D:8      | Killed Maggie
  7310 | D:8      | Reached skill level 12 in Earth Magic
  7354 | D:8      | Noticed an orange demon
  7356 | D:8      | Noticed Amaemon
  7474 | D:8      | Killed Amaemon
  7475 | D:8      | Reached XP level 10. HP: 25/47 MP: 12/22
  7478 | D:8      | Killed an orange demon
  7479 | D:8      | Reached skill level 13 in Earth Magic
  7761 | D:8      | Found a sacrificial altar of Ru.
  8018 | D:9      | Found a blossoming altar of Fedhas.
  8156 | D:9      | Gained mutation: You have large cloven feet. [potion of
                  | mutation]
  8178 | D:9      | Identified the +4 long sword of Amorality {freeze, Int+4}
  8193 | D:9      | Noticed a manticore
  8201 | D:9      | Killed a manticore
  8511 | D:9      | Reached skill level 14 in Earth Magic
  8517 | D:9      | Learned a level 3 spell: Mephitic Cloud
  9113 | D:9      | Reached ** piety under Hepliaklqana
  9114 | D:9      | Remembered your ancestor Brogan as a knight
  9124 | D:9      | Found a staircase to the Orcish Mines.
  9184 | D:10     | Entered Level 10 of the Dungeon
  9207 | D:10     | Reached skill level 1 in Air Magic
  9207 | D:10     | Reached skill level 1 in Poison Magic
  9256 | D:10     | Noticed Urug
  9268 | D:10     | Killed Urug
  9271 | D:10     | Upgraded the game from 0.31-a0-121-g1e386dd289 to
                  | 0.31-a0-145-g046c7d2549
  9573 | D:10     | Found a basalt altar of Yredelemnul.
  9828 | D:10     | Reached XP level 11. HP: 49/51 MP: 11/25
 10031 | D:11     | Noticed a boulder beetle
 10031 | D:11     | Noticed a two-headed ogre
 10046 | D:10     | Killed a boulder beetle
 10137 | D:11     | Killed a two-headed ogre
 10138 | D:11     | Reached skill level 15 in Earth Magic
 10365 | D:11     | Found a staircase to the Lair.
 10625 | D:11     | Reached *** piety under Hepliaklqana
 10640 | D:11     | Reached skill level 5 in Stealth
 11023 | D:11     | Reached skill level 10 in Spellcasting
 11295 | D:11     | Found a white marble altar of Elyvilon.
 12279 | D:11     | Noticed a two-headed ogre
 12293 | D:11     | Killed a two-headed ogre
 12294 | D:11     | Reached skill level 16 in Earth Magic
 12399 | D:11     | Identified the +1 ring mail of Cheibriados's Hope {MP-9
                  | Str+4 Int+3}
 12792 | D:12     | Noticed a death knight
 12794 | D:12     | Noticed a necromancer
 12801 | D:12     | Learned a level 2 spell: Wereblood
 12859 | D:12     | Reached XP level 12. HP: 55/55 MP: 15/29
 13084 | D:12     | Noticed an eight-headed hydra
 13085 | D:12     | Noticed a boulder beetle
 13153 | D:12     | Killed a boulder beetle
 13299 | D:12     | Slain by an eight-headed hydra

Illustrated notes

Levels and vault maps discovered:
D:1:      dpeg_arrival_simpleton_b, layout_basic,
          hellmonk_ecumenical_altar_slurped_away
D:2:      minmay_angry_zag, layout_basic, minmay_tetromino_o4
D:3:      layout_rooms, uniq_sigmund
D:4:      layout_gridville, tso_oasis_becter
D:5:      layout_loops_ring, mainiacjoe_overflow_cross_hatched
D:6:      layout_basic, mainiacjoe_overflow_tiny_flanked
D:7:      layout_cave_pools, nicolae_kikubaaqudgha_miasma_corner,
          minmay_temple_entry_enclosed_plants, serial_shops,
          nicolae_shop_tiny_real_fake_doors, minmay_ruined_shrine
D:8:      layout_basic, mainiacjoe_overflow_large_starburst, uniq_maggie,
          uniq_amaemon, uniq_pikel
D:9:      layout_irregular_city, fedhas_altar_2, david_orc_4, kennysheep_doodads
D:10:     layout_rooms, yredelemnul_forgotten_temple_becter,
          hangedman_decor_push, uniq_urug
D:11:     kennysheep_town
D:12:     minmay_chambers_of_sixes, layout_loops_corners,
          gammafunk_ghost_mausoleum
Temple:   eino_temple_lava

Skill      XL: |  1  2  3  4  5  6  7  8  9 10 11 12 |
---------------+-------------------------------------+-----
Earth Magic    | 4 5 6 7 9 11 12 14 16 | 16.1
Spellcasting   | 4 5 7 8 11 12 | 12.1
Conjurations   | 1 2 3 |  3.0
Transmutations | 2 |  2.0
Hexes          | 2 |  2.0
Stealth        | 3 6 |  6.5
Armour         | 1 3 |  3.3
Fighting       | 1 2 |  2.5
Dodging        | 5 |  5.9
Summonings     | 1 |  1.0
Short Blades   | 3 |  3.6
Air Magic      | 1 |  1.0
Poison Magic   | 1 |  1.0

Action                     |  1- 3 |  4- 6 |  7- 9 | 10-12 || total
---------------------------+-------+-------+-------+-------++-------
  Melee: Short sword       |     5 |       |     2 |    49 ||    56
         Dagger            |       |       |    27 |     4 ||    31
         Punch             |       |       |       |     1 ||     1
   Cast: Sandblast         |    51 |    41 |   135 |     7 ||   234
         Stone Arrow       |       |     7 |    30 |   196 ||   233
         Petrify           |       |       |     8 |    12 ||    20
         Leda's Liquefacti |       |       |     3 |       ||     3
         Animate Armour    |       |       |     4 |    10 ||    14
         Passwall          |       |       |     1 |       ||     1
 Invoke: Recall Ancestor   |       |       |     1 |       ||     1
         Ancestor Identity |       |       |     1 |       ||     1
         Ancestor Life: Kn |       |       |       |     1 ||     1
    Use: Scroll            |     2 |     1 |     3 |     5 ||    11
         Potion            |       |     2 |     4 |     1 ||     7
   Stab: Sleeping          |     2 |       |     1 |     8 ||    11
         Petrified         |       |       |     3 |    23 ||    26
 Armour: Leather armour    |     3 |     6 |    20 |       ||    29
         Steam dragon scal |       |       |     6 |    20 ||    26
  Dodge: Dodged            |    17 |    16 |    63 |    66 ||   162
  Block: Other             |       |       |       |    24 ||    24

Table legend: (Time is in decaauts)
 A = Elapsed time spent in this place.
 B = Non-inter-level travel time spent in this place.
 C = Inter-level travel time spent in this place.
 D = Time resting spent in this place.
 E = Time spent auto-exploring this place.
 F = Levels seen in this place.
 G = Mean time per level.
                   A        B        C        D        E       F      G
               +--------+--------+--------+--------+--------+-----+--------+
         Total |  13452 |  12750 |    702 |    340 |  10542 |  13 | 1034.8 |
       Dungeon |  13373 |  12694 |    679 |    340 |  10493 |  12 | 1114.4 |
        Temple |     79 |     57 |     22 |      0 |     49 |   1 |   79.0 |
               +--------+--------+--------+--------+--------+-----+--------+

Top non-repeatable levels by time:
    D:11: 2660 daAuts
     D:8: 1480 daAuts
     D:6: 1367 daAuts
     D:9: 1191 daAuts
     D:1: 975 daAuts
     D:7: 961 daAuts
    D:10: 939 daAuts
     D:2: 883 daAuts
     D:4: 863 daAuts
     D:5: 838 daAuts
     D:3: 669 daAuts
    D:12: 541 daAuts
  Temple: 79 daAuts
